 Dungeon Crawl Stone Soup version 0.22-a0-265-g0d8bc90 (webtiles) character file.

75744 MatthieuS the Destroyer (level 15, -2/96 HPs)
             Began as a Gargoyle Earth Elementalist on Mar 7, 2018.
             Was a High Priest of Vehumet.
             Slain by Saint Roka
             ... wielding a +2 long sword of slicing
              (6 damage)
             ... on level 2 of the Orcish Mines.
             The game lasted 01:44:24 (29659 turns).

MatthieuS the Destroyer (GrEE)                     Turns: 29659, Time: 01:44:24

Health: -2/96      AC: 27    Str: 13    XL:     15   Next: 51%
Magic:  0/32       EV: 17    Int: 21    God:    Vehumet [*****.]
Gold:   1814       SH:  0    Dex: 10    Spells: 1/40 levels left

rFire    + . .     SeeInvis .   a - +9 short sword (elec)
rCold    . . .     Gourm    .   (no shield)
rNeg     + + .     Faith    .   M - +0 troll leather armour
rPois    ∞         Spirit   +   u - +2 hat of the Bear Spirit {Spirit, +Rage rN+ MR++}
rElec    +         Reflect  .   L - +2 cloak {rF+}
rCorr    .         Harm     .   H - +1 pair of gloves
MR       +++..                  r - +0 pair of boots
Stlth    ++........             F - amulet of the acrobat
HPRegen  0.66/turn              C - +5 ring of evasion
MPRegen  0.23/turn              j - +2 ring of protection

@: flying, very slightly contaminated, invisible
A: big wings, negative energy resistance 1, electricity resistance, unbreathing,
petrification resistance, rot immunity, AC +11
a: Stop Flying, Renounce Religion, Evoke Berserk Rage


You were on level 2 of the Orcish Mines.
You worshipped Vehumet.
Vehumet was extremely pleased with you.
You were not hungry.

You visited 3 branches of the dungeon, and saw 21 of its levels.
You also visited: Volcano.

You collected 1814 gold pieces.

Inventory:

Hand Weapons
 a - a +9 short sword of electrocution (weapon)
   (You took it off a kobold on level 2 of the Dungeon)
 w - a +3 hunting sling
   (You found it on level 1 of the Dungeon)
Missiles
 b - 190 stones (quivered)
 i - 35 sling bullets
 D - a throwing net {!f}
Armour
 c - a +1 robe of fire resistance
   (You found it on level 6 of the Dungeon)
 r - a +0 pair of boots (worn)
   (You found it on level 4 of the Dungeon)
 u - the +2 hat of the Bear Spirit (worn) {Spirit, +Rage rN+ MR++}
   (You found it on level 10 of the Dungeon)

   It protects you from negative energy.
   It affects your resistance to hostile enchantments.
   It lets you go berserk.
 E - a +0 shield
   (You found it on level 4 of the Lair of Beasts)
 H - a +1 pair of gloves (worn)
   (You found it on level 10 of the Dungeon)
 L - a +2 cloak of fire resistance (worn)
   (You found it in a volcano)
 M - a +0 troll leather armour (worn)
   (You found it on level 1 of the Orcish Mines)
Jewellery
 d - an uncursed amulet of the gourmand
   (You found it on level 6 of the Lair of Beasts)
 j - a +2 ring of protection (right hand)
   (You found it on level 2 of the Lair of Beasts)
 C - a +5 ring of evasion (left hand)
   (You found it on level 10 of the Dungeon)
 F - an amulet of the acrobat (around neck)
   (You found it on level 4 of the Dungeon)
Wands
 t - a wand of flame (74)
   (You found it on level 9 of the Dungeon)
Scrolls
 f - 2 scrolls of fear
 g - 2 scrolls of immolation {!r}
 k - 17 scrolls of remove curse {@r2}
 l - 5 scrolls of magic mapping
 q - a scroll of fog
 s - 10 scrolls of teleportation {@r4}
 y - 5 scrolls of amnesia
 I - 2 scrolls of blinking
Potions
 h - a potion of agility {unknown}
 m - a potion of magic {unknown}
 n - a potion of curing {@q1}
 o - 6 potions of lignification {!q}
 x - a potion of mutation {unknown}
 z - a potion of resistance {unknown}
 A - a potion of berserk rage
 B - a potion of ambrosia
 G - 2 potions of brilliance
 J - a potion of haste {@q3}
 K - 3 potions of flight
Comestibles
 e - 20 rations


   Skills:
 + Level 12.2 Fighting
 - Level 3.0 Short Blades
 - Level 7.0 Armour
 - Level 3.0 Dodging
 - Level 4.5 Stealth
 * Level 8.1 Shields
 * Level 13.2 Spellcasting
 * Level 14.8 Conjurations
 - Level 2.5 Translocations
 - Level 3.0 Transmutations
 - Level 4.0 Fire Magic
 - Level 2.0 Air Magic
 - Level 8.1 Earth Magic


You had one spell level left.
You knew the following spells:

 Your Spells              Type           Power        Failure   Level  Hunger
a - Sandblast             Erth           #####.       1%          1    None
b - Passwall              Tmut/Erth      #####.....   1%          2    None
c - Stone Arrow           Conj/Erth      ######       1%          3    None
d - Petrify               Tmut/Erth      #####...     5%          4    None
e - Conjure Flame         Conj/Fire      ######..     1%          3    None
f - Blink                 Tloc           N/A          3%          2    None
g - Lee's Rapid Deconstr  Erth           #####.....   1%          5    ####...
h - Static Discharge      Conj/Air       #####...     1%          3    None
i - Mephitic Cloud        Conj/Pois/Air  #####...     1%          3    None
j - Apportation           Tloc           ###...       1%          1    None
k - Bolt of Magma         Conj/Fire/Erth ######....   1%          5    ####...
z - Orb of Destruction    Conj           ######....   3%          7    #######


Dungeon Overview and Level Annotations

Branches:
Dungeon (13/15)            Temple (0/1) D:6            Lair (6/6) D:11
  Swamp (0/4) Lair:3       Spider (0/4) Lair:3        Slime (0/5) Lair:6
    Orc (2/2) D:12
    Elf: Orc:2       Vaults: D:13-14

Altars:
Dithmenos
Elyvilon
Fedhas
Kikubaaqudgha
Makhleb
Okawaru
Sif Muna
Trog
Vehumet
Wu Jian
Xom
Yredelemnul
Zin
Beogh

Annotations:
D:3 samfromsteam's ghost, amateur MiBe
Orc:2 Saint Roka


Innate Abilities, Weirdness & Mutations

You are resistant to torment.
Your stone body is resilient. (AC +11)
You are immune to poison.
Your large and strong wings let you fly indefinitely.
You resist negative energy. (rN+)
You are resistant to electric shocks. (rElec)
You can survive without breathing.
You are immune to petrification.
You are immune to rotting.


Message History

You puncture Saint Roka! You hit Saint Roka but do no damage.
Saint Roka closely misses you.
You barely miss Saint Roka. Saint Roka barely misses you.
You hit Saint Roka but do no damage. Lightning courses through Saint Roka!
Saint Roka hits you but does no damage.
You puncture Saint Roka! Lightning courses through Saint Roka!
Saint Roka hits you with a long sword of slicing!
You hit Saint Roka but do no damage.
You catch the helpless Saint Roka completely off-guard!
You puncture Saint Roka! Saint Roka closely misses you.
You hit Saint Roka.
Saint Roka hits you with a long sword of slicing!
You hit Saint Roka but do no damage. Saint Roka misses you.
You hit Saint Roka. Saint Roka hits you but does no damage.
You hit Saint Roka but do no damage. You hit Saint Roka but do no damage.
Saint Roka invokes the aid of Beogh against you.
Beogh smites you!
You puncture Saint Roka!
Saint Roka invokes the aid of Beogh against you.
Beogh smites you!
* * * LOW HITPOINT WARNING * * *
You barely miss Saint Roka.
Saint Roka hits you with a long sword of slicing!
* * * LOW HITPOINT WARNING * * *
* * * LOW HITPOINT WARNING * * *
You hit Saint Roka. Saint Roka completely misses you.
Unknown command.
You strike the helpless Saint Roka from behind!
You hit Saint Roka but do no damage.
Unknown command.
You hit Saint Roka. Saint Roka completely misses you.
Unknown command.
You hit Saint Roka. Saint Roka hits you but does no damage.
Unknown command.
You hit Saint Roka. Saint Roka closely misses you.
Unknown command.
You catch the helpless Saint Roka completely off-guard!
You hit Saint Roka but do no damage.
Saint Roka hits you with a long sword of slicing!
* * * LOW HITPOINT WARNING * * *
You hit Saint Roka. Lightning courses through Saint Roka!
Unknown command.
You hit Saint Roka but do no damage. Saint Roka hits you but does no damage.
Unknown command.
You hit Saint Roka.
Saint Roka says, "I shall smite you and smash you."
Saint Roka hits you with a long sword of slicing!!
* * * LOW HITPOINT WARNING * * *
You die...

..........#.##
.....................##
..... ................##
.....#.................#
#.#.#..................#
##................$#..##
.##....................#
.#...............o.....#
................@......#
........o.......).....##
#####.................#
.)..#.8............#.(##
)...#.........).#).)[<.#
8...'.8..........#).[.##
....#...........[.##...#
....#.8..#...[.(..##..(#
#####...##....[..#.##.##


You could see Saint Roka.

Vanquished Creatures
  An orc warlord (Orc:2)
  2 stone giants
  Josephine (Orc:2)
  6 hydras
  The ghost of edsrzf the Covert, a journeyman GrAs of Okawaru (D:11)
  A deep troll shaman (Lair:6)
  A catoblepas (Lair:6)
  3 two-headed ogres
  11 death yaks
  A hell hog (Volcano)
  2 orc high priests (D:10)
  A fire crab (Volcano)
  3 skeletal warriors (D:12)
  2 unseen horrors (D:11)
  2 lindwurms
  Pikel (D:7)
  2 orc sorcerers (Orc:2)
  2 ugly things
  2 deep elf magi (D:12)
  3 cyclopes
  4 oklob plants
  15 elephants (Lair:6)
  Maurice (D:11)
  2 molten gargoyles (Volcano)
  2 black mambas (Lair:5)
  13 spiny frogs
  A gargoyle (D:11)
  5 komodo dragons
  3 rime drakes
  2 jumping spiders (Lair:3)
  9 polar bears
  6 trolls
  16 blink frogs
  A hornet (D:12)
  A meliai zombie (D:12)
  6 hippogriffs
  6 redbacks (Lair:3)
  A spriggan (Lair:3)
  A wyvern (D:12)
  4 basilisks
  4 wraiths
  4 fire bats (Volcano)
  45 yaks
  A hungry ghost (D:9)
  3 vampire mosquitoes (D:12)
  5 wargs
  4 swamp worms (Lair:3)
  3 hell hounds (Volcano)
  5 porcupines
  Duvessa (D:4)
  9 water moccasins
  30 orc warriors
  A hornet zombie (D:8)
  An ice beast (D:7)
  A sky beast (D:10)
  4 black bears
  21 wolves
  12 ogres
  2 centaurs
  11 crocodiles
  A big kobold (D:12)
  15 bullfrogs
  A wyvern zombie (D:7)
  Dowan (D:4)
  3 scorpions
  14 killer bees
  3 electric eels
  7 howler monkeys
  7 lava snakes (Volcano)
  6 crimson imps
  3 hounds
  2 bullfrog skeletons (D:12)
  6 jellies
  4 centaur skeletons
  23 orc priests
  21 orc wizards
  2 iguanas
  7 worker ants
  A killer bee zombie (D:7)
  17 adders
  3 gnolls (D:8)
  7 shadow imps
  5 oozes
  4 adder skeletons
  An adder zombie (D:7)
  3 worms
  2 dart slugs
  4 leopard geckos
  87 orcs
  7 giant cockroaches
  5 goblins
  6 hobgoblins
  3 jackals (D:7)
  4 quokkas
  9 bats
  9 frilled lizards
  9 kobolds
  2 leopard gecko skeletons
  A quokka skeleton (D:4)
  10 rats
  A fungus (Lair:4)
  9 plants
649 creatures vanquished.

Vanquished Creatures (collateral kills)
  An oklob plant (Lair:2)
1 creature vanquished.

Vanquished Creatures (others)
  A water moccasin (Lair:6)
  2 slaves (D:7)
  A phantom (D:7)
  A shadow imp (D:7)
  An orc (Orc:2)
  A hobgoblin (D:2)
  A rat (D:2)
  11 fungi
  7 plants
26 creatures vanquished.

Grand Total: 676 creatures vanquished

Notes
Turn   | Place    | Note
-------+----------+-------------------------------------------
     0 | D:1      | MatthieuS the Gargoyle Earth Elementalist began the quest for the Orb.
     0 | D:1      | Reached XP level 1. HP: 10/10 MP: 3/3
   184 | D:1      | Reached XP level 2. HP: 8/16 MP: 3/5
   550 | D:1      | Reached skill level 1 in Fighting
   610 | D:1      | Learned a level 2 spell: Passwall
   648 | D:1      | Reached XP level 3. HP: 20/20 MP: 7/7
   759 | D:2      | Reached skill level 1 in Transmutations
   856 | D:2      | Learned a level 3 spell: Stone Arrow
   857 | D:2      | Found a white marble altar of Elyvilon.
   943 | D:2      | Reached XP level 4. HP: 19/25 MP: 8/8
  1137 | D:2      | Found a blossoming altar of Fedhas.
  1657 | D:2      | Found a faded altar of an unknown god.
  1805 | D:3      | Noticed samfromsteam's ghost (amateur MiBe)
  2503 | D:3      | Reached XP level 5. HP: 16/30 MP: 10/10
  2832 | D:3      | Found a radiant altar of Vehumet.
  2836 | D:3      | Became a worshipper of Vehumet
  2921 | D:4      | Learned a level 4 spell: Petrify
  3563 | D:4      | Reached XP level 6. HP: 36/36 MP: 6/11
  3588 | D:4      | Noticed Duvessa
  3588 | D:4      | Noticed Dowan
  3593 | D:4      | Killed Dowan
  3616 | D:4      | Killed Duvessa
  3616 | D:4      | Reached skill level 1 in Conjurations
  3616 | D:4      | Reached skill level 5 in Earth Magic
  3953 | D:4      | Found a shadowy altar of Dithmenos.
  4233 | D:5      | Entered Level 5 of the Dungeon
  4252 | D:4      | Reached XP level 7. HP: 20/41 MP: 5/13
  4418 | D:4      | Learned a level 3 spell: Conjure Flame
  4471 | D:5      | Reached * piety under Vehumet
  4471 | D:5      | Offered knowledge of Freeze by Vehumet.
  4554 | D:5      | Found a bloodstained altar of Trog.
  4882 | D:5      | Reached skill level 2 in Conjurations
  4903 | D:5      | Found a deep blue altar of Sif Muna.
  5030 | D:6      | Learned a level 2 spell: Blink
  5053 | D:6      | Reached skill level 5 in Spellcasting
  5435 | D:6      | Reached XP level 8. HP: 47/48 MP: 15/15
  5513 | D:6      | Reached skill level 1 in Translocations
  5614 | D:6      | Found a staircase to the Ecumenical Temple.
  6083 | D:6      | Found a basalt altar of Yredelemnul.
  6147 | D:7      | Reached skill level 3 in Conjurations
  6249 | D:7      | Noticed Pikel
  6270 | D:7      | Killed Pikel
  6342 | D:7      | Reached XP level 9. HP: 41/52 MP: 18/18
  6432 | D:7      | Learned a level 5 spell: Lee's Rapid Deconstruction
  6441 | D:7      | Reached skill level 4 in Conjurations
  7033 | D:7      | Reached skill level 5 in Fighting
  7211 | D:7      | Found an ornate altar of the Wu Jian Council.
  7427 | D:8      | Reached skill level 1 in Fire Magic
  7472 | D:7      | Reached skill level 1 in Short Blades
  7752 | D:8      | Offered knowledge of Throw Flame by Vehumet.
  7826 | D:8      | Reached ** piety under Vehumet
  7961 | D:8      | Noticed a two-headed ogre
  7979 | D:8      | Killed a two-headed ogre
  7979 | D:8      | Reached skill level 5 in Conjurations
  8012 | D:8      | Reached XP level 10. HP: 50/60 MP: 15/21
  8257 | D:8      | Noticed a two-headed ogre
  8271 | D:8      | Killed a two-headed ogre
  8713 | D:9      | Offered knowledge of Static Discharge by Vehumet.
  8745 | D:9      | Found an ancient bone altar of Kikubaaqudgha.
  8753 | D:9      | Learned a level 3 spell: Static Discharge
  8757 | D:9      | Found a shimmering altar of Xom.
  8757 | D:9      | Found a blossoming altar of Fedhas.
  8757 | D:9      | Found a burning altar of Makhleb.
  8848 | D:9      | Found an iron altar of Okawaru.
  8901 | D:9      | Found a glowing silver altar of Zin.
  8910 | D:9      | Noticed a white ugly thing
  8928 | D:9      | Killed a white ugly thing
  9239 | D:9      | Reached skill level 6 in Conjurations
  9243 | D:9      | Reached skill level 1 in Air Magic
  9508 | D:9      | Reached *** piety under Vehumet
  9834 | D:9      | Found a deep blue altar of Sif Muna.
  9955 | D:10     | Entered Level 10 of the Dungeon
 10132 | D:10     | Reached XP level 11. HP: 65/67 MP: 4/23
 10142 | D:10     | Offered knowledge of Force Lance by Vehumet.
 10230 | D:10     | Found a transporter.
 10470 | D:10     | Noticed an orc high priest
 10470 | D:10     | Noticed an orc high priest
 10470 | D:10     | Noticed a cyclops
 10470 | D:10     | Found a roughly hewn altar of Beogh.
 10471 | D:10     | Found the +2 hat of the Bear Spirit {Spirit, +Rage rN+ MR++}
 10484 | D:10     | Killed an orc high priest
 10486 | D:10     | Killed a cyclops
 10486 | D:10     | Reached skill level 7 in Conjurations
 10487 | D:10     | Noticed a cyclops
 10488 | D:10     | Killed an orc high priest
 10489 | D:10     | Reached **** piety under Vehumet
 10510 | D:10     | Killed a cyclops
 10543 | D:10     | Found a transporter.
 10861 | D:11     | Noticed Maurice
 10867 | D:11     | Learned a level 3 spell: Mephitic Cloud
 10896 | D:11     | Killed Maurice
 10914 | D:11     | Reached skill level 1 in Armour
 10920 | D:11     | Offered knowledge of Fulminant Prism by Vehumet.
 10925 | D:11     | Reached skill level 10 in Spellcasting
 11044 | D:11     | Killed an unseen horror
 11047 | D:11     | Reached skill level 8 in Conjurations
 11055 | D:11     | Learned a level 1 spell: Apportation
 11113 | D:11     | Killed an unseen horror
 11222 | D:11     | Noticed a two-headed ogre
 11224 | D:11     | Noticed edsrzf's ghost (journeyman GrAs)
 11226 | D:11     | Killed a two-headed ogre
 11298 | D:11     | Found a staircase to the Lair.
 11304 | Lair:1   | Entered Level 1 of the Lair of Beasts
 11582 | Lair:1   | Reached XP level 12. HP: 75/75 MP: 24/26
 11826 | Lair:1   | Reached skill level 9 in Conjurations
 12001 | Lair:1   | Got a smoking chain mail
 12002 | Lair:1   | Identified the +0 chain mail of Pan-Flutes {Str+3 Dex-2 Stlth+} (You found it on level 1 of the Lair of Beasts)
 13088 | Lair:2   | Reached skill level 10 in Conjurations
 13191 | Lair:2   | Noticed an eight-headed hydra
 13199 | Lair:2   | Killed an eight-headed hydra
 13199 | Lair:2   | Reached ***** piety under Vehumet
 15345 | Lair:3   | Offered knowledge of Orb of Destruction by Vehumet.
 15464 | Lair:3   | Reached skill level 11 in Conjurations
 15464 | Lair:3   | Reached XP level 13. HP: 81/82 MP: 19/28
 15473 | Lair:3   | Found a staircase to the Swamp.
 15815 | Lair:3   | Found a hole to the Spider Nest.
 15862 | Lair:3   | Reached skill level 10 in Fighting
 16353 | Lair:3   | Learned a level 7 spell: Orb of Destruction
 16603 | Lair:4   | Reached skill level 1 in Shields
 17244 | Lair:5   | Reached skill level 5 in Armour
 17257 | Lair:5   | Reached skill level 12 in Conjurations
 18745 | Lair:6   | Entered Level 6 of the Lair of Beasts
 18943 | Lair:6   | Found a staircase to the Slime Pits.
 19330 | Lair:6   | Gained mutation: Your large and strong wings let you fly indefinitely. [Gargoyle growth]
 19330 | Lair:6   | Reached XP level 14. HP: 56/88 MP: 5/29
 19650 | Lair:5   | Reached skill level 13 in Conjurations
 20342 | Lair:6   | Offered knowledge of Bolt of Fire by Vehumet.
 21913 | Lair:6   | Reached skill level 5 in Shields
 22645 | D:11     | Killed edsrzf's ghost
 22881 | D:11     | Got a scorched ring mail
 23246 | D:12     | Reached skill level 14 in Conjurations
 23969 | D:12     | Found a staircase to the Orcish Mines.
 24400 | D:12     | Reached XP level 15. HP: 96/96 MP: 14/31
 24960 | Orc:1    | Entered Level 1 of the Orcish Mines
 24981 | Orc:1    | Found a frozen archway.
 25050 | Orc:1    | Found a dark tunnel.
 25059 | Volcano  | Entered a volcano
 25268 | Volcano  | Identified the +1 ring mail of the Empire {rPois Dex+3 Slay+5} (You found it on level 11 of the Dungeon)
 25546 | Volcano  | Found a bloodstained altar of Trog.
 25905 | Volcano  | Got a brightly glowing halberd
 25906 | Volcano  | Identified the +2 halberd of Disarray {chop, +Rage Dex+6} (You found it in a volcano)
 27588 | Orc:2    | Entered Level 2 of the Orcish Mines
 27590 | Orc:2    | Offered knowledge of Bolt of Magma by Vehumet.
 27596 | Orc:2    | Noticed Saint Roka
 27732 | Orc:1    | Learned a level 5 spell: Bolt of Magma
 27750 | Orc:1    | Reached ****** piety under Vehumet
 28690 | Orc:2    | Noticed an orc warlord
 28704 | Orc:2    | Killed an orc warlord
 29065 | Orc:2    | Noticed Josephine
 29085 | Orc:2    | Killed Josephine
 29659 | Orc:2    | HP: 4/96 [Saint Roka/long sword of slicing (21)]
 29659 | Orc:2    | Slain by Saint Roka

Vault maps used:
D:1:      minmay_arrival_five_plusses, serial_bayou_pond_a
D:2:      elyvilon_altar_4, chequers_ecumenical_altar_lobes, fedhas_altar_4
D:3:      vehumet_crystals, hex_large
D:4:      nicolae_dithmenos_through_a_glass_darkly, first_ration, minivault_23,
          minmay_crystal_room, uniq_duvessa
D:5:      bloody_trog, basic_altar, st_stairs_12
D:6:      lemuel_coloured_pillars_altar, minmay_temple_entry_poolview
D:7:      marbit_many_paths, grunt_ogre_cave, uniq_pikel
D:9:      okawaru_metal_pillars_3, old_standard_altar, tgw_sif, minitemple
D:10:     gammafunk_beogh_shrine
D:11:     lair_entry_dummy, serial_glass, glass_columns_a, glass_columns_a,
          glass_columns_a, glass_columns_c, glass_columns_b, glass_columns_b,
          glass_columns_a, glass_columns_c, unseen_surprise_small,
          minmay_strange_pillars, minmay_strange_pillars, uniq_maurice
D:12:     david_orc_4, kennysheep_generic_room_3
D:13:     lightli_vaults_fourway_checkpoint, special_room, basic_altar
Lair:1:   serial_bayou_shore_b, infiniplex_staircase_pool,
          minmay_lair_oklob_chamber
Lair:2:   dpeg_oklob_gauntlet
Lair:3:   nicolae_swamp_entry_splash_gauntlet,
          nicolae_spider_entry_tight_spaces, forest_entry_grove
Lair:5:   beast_lair_carwin_1, serial_bayou_shore_a, grunt_megastairs_1
Lair:6:   grunt_lair_end_beastmaster, nicolae_slime_entry_slimehenge
Orc:1:    portal_ice_cave_entry_pillars_1, nicolae_volcano_entry_vermiform
Orc:2:    st_orc_congregation, nicolae_orc_sculptors_studio, uniq_erolcha,
          uniq_saint_roka, uniq_josephine
Volcano:  volcano_lake

Skill      XL: |  1  2  3  4  5  6  7  8  9 10 11 12 13 14 15 |
---------------+----------------------------------------------+-----
Fighting       | 1 2 3 4 5 7 8 9 10 11 12 | 12.2
Earth Magic    | 4 5 6 7 8 |  8.1
Transmutations | 1 2 3 |  3.0
Spellcasting   | 3 4 5 6 7 8 10 11 12 13 | 13.2
Conjurations   | 1 2 3 5 6 8 11 12 14 | 14.8
Translocations | 2 |  2.5
Fire Magic     | 2 4 |  4.0
Short Blades   | 2 3 |  3.0
Air Magic      | 1 2 |  2.0
Armour         | 2 3 6 7 |  7.0
Stealth        | 3 4 |  4.5
Dodging        | 3 |  3.0
Shields        | 4 6 8 |  8.1

Action                   |  1- 3 |  4- 6 |  7- 9 | 10-12 | 13-15 || total
-------------------------+-------+-------+-------+-------+-------++-------
Melee: Dagger            |    29 |       |       |       |       ||    29
       Short sword       |       |    28 |    26 |    80 |   629 ||   763
 Fire: Hunting sling     |    41 |   160 |   206 |   251 |   191 ||   849
 Cast: Sandblast         |    13 |    42 |    48 |   113 |   106 ||   322
       Stone Arrow       |       |     3 |    16 |    55 |   307 ||   381
       Conjure Flame     |       |       |     9 |    12 |    14 ||    35
       Petrify           |       |       |     2 |       |    15 ||    17
       Blink             |       |       |     3 |     3 |    17 ||    23
       Passwall          |       |       |       |     2 |     5 ||     7
       Lee's Rapid Decon |       |       |       |    53 |    65 ||   118
       Static Discharge  |       |       |       |    38 |    83 ||   121
       Mephitic Cloud    |       |       |       |     1 |       ||     1
       Orb of Destructio |       |       |       |       |    25 ||    25
       Bolt of Magma     |       |       |       |       |     1 ||     1
 Abil: Fly               |       |       |       |       |     1 ||     1
Evoke: Wand              |       |     1 |     1 |    33 |    11 ||    46
  Use: Scroll            |       |       |    15 |     9 |     8 ||    32
       Potion            |       |       |       |     6 |     4 ||    10
 Stab: Sleeping          |     1 |       |     1 |     1 |     3 ||     6
       Confused          |       |     2 |       |       |       ||     2
       Petrified         |       |       |       |       |    17 ||    17
       Petrifying        |       |       |       |       |     2 ||     2
       Invisible         |       |       |       |       |     4 ||     4
  Eat: Chunk             |       |    10 |    13 |    20 |    36 ||    79
       Ration            |       |       |       |     4 |     9 ||    13
Armor: Robe              |    22 |    43 |    38 |   138 |   359 ||   600
       Animal skin       |       |       |    21 |       |       ||    21
       Troll leather arm |       |       |       |       |   138 ||   138
Dodge: Dodged            |    56 |    80 |    84 |   288 |  1056 ||  1564

Table legend:
 A = Spawn XP
 B = Non-spawn XP
 C = Spawn XP percentage of total XP
 D = Spawn monster count
 E = Non-spawn monster count
 F = Spawn count percentage of total count
 G = Total turns spent on level
                    A         B        C        D         E        F      G
               +---------+---------+-------+---------+---------+-------+---------
         Total |       0 |  108206 |   0.0 |       0 |     641 |   0.0 | 29659
               +---------+---------+-------+---------+---------+-------+---------
           D:1 |       0 |      34 |   0.0 |       0 |      20 |   0.0 |   702
           D:2 |       0 |      89 |   0.0 |       0 |      23 |   0.0 |  1560
           D:3 |       0 |      95 |   0.0 |       0 |      27 |   0.0 |  1019
           D:4 |       0 |     432 |   0.0 |       0 |      13 |   0.0 |  1161
           D:5 |       0 |     254 |   0.0 |       0 |      13 |   0.0 |   509
           D:6 |       0 |     640 |   0.0 |       0 |      13 |   0.0 |  1180
           D:7 |       0 |    1349 |   0.0 |       0 |      17 |   0.0 |  1532
           D:8 |       0 |    3730 |   0.0 |       0 |      32 |   0.0 |  1034
           D:9 |       0 |    2416 |   0.0 |       0 |      34 |   0.0 |  1258
          D:10 |       0 |    3828 |   0.0 |       0 |      30 |   0.0 |   890
          D:11 |       0 |    6414 |   0.0 |       0 |      18 |   0.0 |  1299
          D:12 |       0 |    7762 |   0.0 |       0 |      63 |   0.0 |  2034
          D:13 |       0 |     713 |   0.0 |       0 |       2 |   0.0 |    11
        Lair:1 |       0 |    3863 |   0.0 |       0 |      17 |   0.0 |  1207
        Lair:2 |       0 |    8032 |   0.0 |       0 |      27 |   0.0 |  2530
        Lair:3 |       0 |    5738 |   0.0 |       0 |      33 |   0.0 |  1389
        Lair:4 |       0 |    7344 |   0.0 |       0 |      27 |   0.0 |   836
        Lair:5 |       0 |   15496 |   0.0 |       0 |      44 |   0.0 |  2438
        Lair:6 |       0 |   20879 |   0.0 |       0 |      58 |   0.0 |  2935
         Orc:1 |       0 |    5997 |   0.0 |       0 |      48 |   0.0 |  2463
         Orc:2 |       0 |    9155 |   0.0 |       0 |      64 |   0.0 |   745
       Volcano |       0 |    3946 |   0.0 |       0 |      18 |   0.0 |   927
               +---------+---------+-------+---------+---------+-------+---------
